[Event "ETCC Open 2013"]
[Site "Warsaw"]
[Date "2013.11.11"]
[Round "4"]
[White "Pantsulaia, Levan"]
[Black "Kotronias, Vasilios"]
[Result "*"]
[ECO "E67"]
[WhiteElo "2595"]
[BlackElo "2564"]
[PlyCount "191"]
[EventDate "2013.??.??"]
[EventCountry "POL"]
[WhiteTeam "Georgien"]
[BlackTeam "Griechenland"]
[WhiteTeamCountry "GEO"]
[BlackTeamCountry "GRE"]
[TimeControl "40/5400+30:1800+30"]

1. Nf3 Nf6 2. g3 g6 3. Bg2 Bg7 4. c4 O-O 5. O-O d6 6. d4 Nbd7 7. Nc3 e5 8.
h3 c6 9. e4 Qb6 10. c5 dxc5 11. dxe5 Ne8 12. e6 fxe6 13. Ng5 Ne5 14. f4 Nf7 15. Nxf7 Bd4+ 16. Kh2 Rxf7 17. e5 Qc7 18. Ne4 b6 19. Qc2 Ba6 20. Rd1 Rd8 21. a4 c4 22. Bf1 c5 23. Bxc4 Bxc4 24. Qxc4 Qc6 25. Qe2 Kh8 26. Ra3 Rfd7 27. g4 Rd5 28. Rf1 c4 29. Ng5 Kg8 30.
Rg3 Ng7 31. h4 Bc5 32. h5 Rd3 33. Ne4 Be7 34. h6 R8d4 35. Nf6+ Bxf6 36. exf6 Re4 37. Qg2 Ne8 38. f5 exf5 39. Bg5 Kf7 40. gxf5 gxf5 41. Rxf5 Rxg3 42. Qxg3 Re2+ 43. Rf2 Qe4 44. Rxe2 Qxe2+ 45. Qg2 Qxg2+ 46. Kxg2 Nxf6 47. Kf3 Ke6 48. Bd2 a6 49. Kf4 b5 50. axb5 axb5 51. Be1 b4 52. Ke3 Ke5 53. Kd2 Nd5 54. Bf2 Ke4 55. Bc5 Ke5 56. Kc2 b3+ 57. Kd2 Ke6 58. Bd4 Kd6 59. Bg7 Kc5 60. Bf8+ Kd4 61. Bg7+ Ke4 62. Bh8 Nf4 63. Kc3 Kd5 64. Kd2 Kc5 65. Bg7 Nd5 66. Bf8+ Kc6 67.
Bg7 Kd7 68. Bd4 Ke7 69. Bg7 Kf7 70. Bh8 Kg6 71. Bg7 Kg5 72. Bf8 Kf4 73. Bg7 Ke4 74. Bh8 Ne7 75. Kc3 Kd5 76. Bg7 Nf5 77. Kd2 Ng3 78. Kc3 Kc5 79. Kd2 Ne4+ 80. Kc1 Kd5 81. Kd1 Ke6 82. Kc1 Kf5 83. Kd1 Kf4 84.
Bd4 Kf3 85. Ba7 Kg4 86. Bd4 Kf4 87. Kc1 Kg5 88. Bg7 Kg4 89. Kd1 Kg3 90. Be5+ Kg2 91. Bg7 Kg3 92. Be5+ Kf3 93. Bd4 Nd6 94. Kd2 Ke4 95. Bg7 Kd5 96. Kc3 *

[Event "ETCC Open 2013"]
[Site "Warsaw"]
[Date "2013.11.11"]
[Round "4"]
[White "Swiercz, Dariusz"]
[Black "Pavasovic, Dusko"]
[Result "1/2-1/2"]
[ECO "A13"]
[WhiteElo "2627"]
[BlackElo "2563"]
[PlyCount "114"]
[EventDate "2013.??.??"]
[EventCountry "POL"]
[WhiteTeam "Polen"]
[BlackTeam "Slowenien"]
[WhiteTeamCountry "POL"]
[BlackTeamCountry "SLO"]
[TimeControl "40/5400+30:1800+30"]

1. c4 e6 2. Nf3 d5 3. g3 dxc4 4. Qa4+ Nd7 5. Bg2 Ngf6 6. Qxc4 c5 7. O-O b6 8. Ng5 Rb8 9. d3 h6 10. Ne4 Nxe4 11. dxe4 b5 12. Qc2 Qc7 13. a4 a6 14. axb5 axb5 15. Rd1 Bd6 16. Nc3 O-O 17. Be3 Be5 18. Rac1 c4 19. f4 Bd6 20.
e5 Bc5 21. Bxc5 Nxc5 22. Rd6 Qa7 23. Kf1 Bb7 24. Ne4 Nxe4 25. Bxe4 Qe3 26. Bxb7 Rxb7 27. Rcd1 Rc7 28. Qc3 Qc5 29. Qd4 Qxd4 30. R6xd4 Rfc8 31. Ke1 b4 32. Kd2 Kf8 33. Ra1 Ke7 34. Ra4 Rb8 35. Kc2 f6 36. exf6+ Kxf6 37. g4 Rb6 38. Re4 Rc5 39. e3 h5 40. h3 hxg4 41. hxg4 Rc7 42.
Rd4 e5 43. fxe5+ Kxe5 44. Rf4 Ke6 45. Ra8 c3 46. bxc3 Rxc3+ 47. Kb2 Rc7 48. Re8+ Kd7 49. Ree4 Re6 50. Rf7+ Ke8 51. Rxg7 Rxe4 52. Rxc7 Rxe3 53. Rc4 b3 54. Rb4 Kf7 55. g5 Kg6 56. Rxb3 Rxb3+ 57. Kxb3 Kxg5 1/2-1/2

[Event "ETCC Women 2013"]
[Site "Warsaw"]
[Date "2013.11.11"]
[Round "4"]
[White "Dworakowska, Joanna"]
[Black "Vega Gutierrez, Sabrina"]
[Result "0-1"]
[ECO "B30"]
[WhiteElo "2326"]
[BlackElo "2385"]
[PlyCount "68"]
[EventDate "2013.??.??"]
[EventCountry "POL"]
[WhiteTeam "Polen"]
[BlackTeam "Spanien"]
[WhiteTeamCountry "POL"]
[BlackTeamCountry "ESP"]
[TimeControl "40/5400+30:1800+30"]

1. e4 c5 2. Nf3 Nc6 3. g3 Nf6 4. d3 d6 5. Bg2 g6 6. O-O Bg7 7. c3 c4 8. d4 Nxe4
9. d5 Na5 10. Nd4 Nf6 11. b4 cxb3 12. axb3 Bd7 13. Re1 O-O 14. Nd2 Qc7 15. Bb2
Rfe8 16. c4 e5 17. dxe6 fxe6 18. Nb5 Bxb5 19. cxb5 d5 20. Be5 Qb6 21. Qe2 a6
22. b4 Nc4 23. Nxc4 dxc4 24. bxa6 Rxa6 25. Qxc4 Rxa1 26. Bxa1 Nh5 27. Bd5 Bxa1
28. Rxe6 Rxe6 29. Bxe6+ Kg7 30. g4 Nf4 31. Bc8 Nh3+ 32. Kg2 Qxf2+ 33. Kxh3 Be5
34. g5 Qxh2+ 0-1

[Event "ETCC Women 2013"]
[Site "Warsaw"]
[Date "2013.11.11"]
[Round "4"]
[White "Bhatia, Kanwal K"]
[Black "Gueci, Tea"]
[Result "0-1"]
[ECO "B06"]
[WhiteElo "2039"]
[BlackElo "2056"]
[PlyCount "52"]
[EventDate "2013.??.??"]
[EventCountry "POL"]
[WhiteTeam "England"]
[BlackTeam "Italien"]
[WhiteTeamCountry "ENG"]
[BlackTeamCountry "ITA"]
[TimeControl "40/5400+30:1800+30"]

1. e4 g6 2. d4 Bg7 3. Nc3 d6 4. Bg5 c6 5. Nf3 Qb6 6. Qd2 Qxb2 7. Rb1 Qa3 8.
Bc4 Nd7 9. O-O Ngf6 10. e5 dxe5 11. dxe5 Ng4 12. e6 fxe6 13. Ne4 Nde5 14. Nxe5 Nxe5 15. Be2 Nf7 16. Be3 b6 17. Bd4 e5 18. Bc3 Qxa2 19. Rb3 Be6 20. Bg4 Rd8 21. Qe2 Bxb3 22. Ra1 Qxc2 23. Rxa7 Qb1+ 24. Be1 Rd1 25. Ra8+ Nd8 26. Kf1 Bc4 0-1

[Event "ETCC Women 2013"]
[Site "Warsaw"]
[Date "2013.11.11"]
[Round "4"]
[White "Corke, Anya S"]
[Black "Brunello, Marina"]
[Result "0-1"]
[ECO "D10"]
[WhiteElo "2276"]
[BlackElo "2248"]
[PlyCount "54"]
[EventDate "2013.??.??"]
[EventCountry "POL"]
[WhiteTeam "England"]
[BlackTeam "Italien"]
[WhiteTeamCountry "ENG"]
[BlackTeamCountry "ITA"]
[TimeControl "40/5400+30:1800+30"]

1. c4 c6 2. Nf3 d5 3. d4 Nf6 4. cxd5 cxd5 5. Nc3 Nc6 6. Bf4 a6 7. e3 Bg4 8. a3 Bxf3 9. gxf3 e6 10. Rc1 Bd6 11. Bxd6 Qxd6 12. f4 O-O 13. Bd3 b5 14. b4 Rac8 15. O-O Nb8 16. Qb3 Nc6 17. Nb1 Nxd4 18.
exd4 Rxc1 19. Rxc1 Qxf4 20. Qb2 Ng4 21. Qd2 Qxh2+ 22. Kf1 e5 23.
Bf5 exd4 24. Bxg4 Qh1+ 25. Ke2 Re8+ 26. Qe3 Rxe3+ 27. Kd2 Rd3+ 0-1

[Event "ETCC Women 2013"]
[Site "Warsaw"]
[Date "2013.11.11"]
[Round "4"]
[White "Gronnestad, Anita"]
[Black "Thorsteinsdottir, Hallgerdur"]
[Result "1-0"]
[ECO "A15"]
[WhiteElo "1958"]
[BlackElo "1951"]
[PlyCount "109"]
[EventDate "2013.??.??"]
[EventCountry "POL"]
[WhiteTeam "Norwegen"]
[BlackTeam "Island"]
[WhiteTeamCountry "NOR"]
[BlackTeamCountry "ISL"]
[TimeControl "40/5400+30:1800+30"]

1. c4 Nf6 2. g3 g6 3. Bg2 d5 4. Nf3 Bg7 5. cxd5 Nxd5 6. Nc3 Nb6 7. O-O O-O 8.
d3 Nc6 9. a3 a5 10. Be3 Nd4 11. Nxd4 Bxd4 12. Bh6 Bg7 13. Qd2 c6 14. Rac1 Be6 15. Ne4 Bd5 16. h4 Bxh6 17. Qxh6 Bxe4 18. Bxe4 Qd4 19. h5 Rfd8 20. hxg6 hxg6 21. Kg2 Nd5 22. Rh1 Qg7 23. Qh4 Qf6 24. Qh7+ Kf8 25. Bxd5 cxd5 26. Qh8+ Qxh8 27. Rxh8+ Kg7 28. Rxd8 Rxd8 29. Rc7 b6 30. Rxe7 Kf6 31. Rb7 Rd6 32. Kf3 Ke6 33. g4 g5 34. Rc7 Kf6 35. b4 axb4 36. axb4 Ke6 37. Ke3 Kf6 38. Kd4 Ke6 39. e3 Kf6 40. f4 Kg6 41. f5+ Kg7 42. Ke5 Rd8 43. Rc6 Re8+ 44. Kd4 b5 45. Rc1 Kf6 46. Rh1 Ra8 47. Kxd5 Ra2 48. Rg1 Ra3 49. Rd1 Ra2 50. e4 Rg2 51. e5+ Ke7 52. f6+ Kd7 53. Ra1 Rxg4 54. Ra7+ Ke8 55. e6 1-0

[Event "ETCC Women 2013"]
[Site "Warsaw"]
[Date "2013.11.11"]
[Round "4"]
[White "Johannsdottir, Johanna Bjorg"]
[Black "Machlik, Monika"]
[Result "0-1"]
[ECO "B04"]
[WhiteElo "1901"]
[BlackElo "1936"]
[PlyCount "72"]
[EventDate "2013.??.??"]
[EventCountry "POL"]
[WhiteTeam "Island"]
[BlackTeam "Norwegen"]
[WhiteTeamCountry "ISL"]
[BlackTeamCountry "NOR"]
[TimeControl "40/5400+30:1800+30"]

1. e4 Nf6 2. e5 Nd5 3. d4 d6 4. Nf3 g6 5. Bc4 Nb6 6. Bb3 Bg7 7. O-O Nc6 8.
exd6 cxd6 9. h3 O-O 10. Bg5 h6 11. Be3 Na5 12. Nc3 Nbc4 13. Bf4 g5 14. Bg3 Bf5 15. Bxc4 Nxc4 16. Qe2 Rc8 17. Ne4 Nxb2 18. c3 Nc4 19. Rac1 Rc7 20. Nh2 Bxe4 21. Qxe4 Nd2 22. Qe3 Nxf1 23. Kxf1 Qd7 24. f4 Qb5+ 25. Kg1 Rfc8 26. Re1 Rxc3 27. Qxe7 Rxg3 28. Ng4 Qd5 29. Re4 Qxa2 30. Re2 Qc4 31. fxg5 hxg5 32. Kh2 Rxg4 33. hxg4 Qxd4 34. Qxg5 Qf6 35. Qb5 Qh6+ 36. Kg1 Bd4+ 0-1

[Event "ETCC Women 2013"]
[Site "Warsaw"]
[Date "2013.11.11"]
[Round "4"]
[White "Messina, Roberta"]
[Black "Grigoryan, Meri"]
[Result "1-0"]
[ECO "A11"]
[WhiteElo "2064"]
[BlackElo "2039"]
[PlyCount "105"]
[EventDate "2013.??.??"]
[EventCountry "POL"]
[WhiteTeam "Italien"]
[BlackTeam "England"]
[WhiteTeamCountry "ITA"]
[BlackTeamCountry "ENG"]
[TimeControl "40/5400+30:1800+30"]

1. c4 c6 2. g3 d5 3. Bg2 e6 4. Nf3 Nd7 5. b3 f5 6. cxd5 cxd5 7. Bb2 Ngf6 8.
Nc3 a6 9. d4 Ne4 10. O-O Bd6 11. Nd2 O-O 12. Ndxe4 fxe4 13. f3 exf3 14. exf3 b5 15. Qe2 Nf6 16. Kh1 Kh8 17. Nd1 Bd7 18. Nf2 Bxg3 19. hxg3 Nh5 20. Kh2 Qg5 21. Ng4 Nxg3 22. Kxg3 Qf4+ 23. Kf2 Qxg4 24. Rh1 Rf6 25. Ke1 Qg3+ 26. Qf2 Qg6 27. Rc1 b4 28. Rh3 Raf8 29. Qc2 Rf5 30.
a3 Bb5 31. Qf2 Rg5 32. Rc2 Bd3 33. Rd2 Rc8 34. f4 bxa3 35. Bxa3 Bf5 36. fxg5 Bxh3 37. Bxh3 Qe4+ 38. Qe2 Qh4+ 39. Qf2 Qxh3 40. Rc2 Rb8 41. Bd6 Rd8 42. Qg3 Qh1+ 43. Kd2 Qf1 44. Qe5 Qb5 45. b4 Qe8 46. Rc7 Rd7 47. Rc3 Kg8 48. Re3 Qf7 49. Bc5 h6 50. gxh6 gxh6 51. Qxe6 Kh7 52. Qxf7+ Rxf7 53. Re7 1-0

[Event "ETCC Women 2013"]
[Site "Warsaw"]
[Date "2013.11.11"]
[Round "4"]
[White "Nazarova, Anastasia"]
[Black "De Seroux, Camille"]
[Result "0-1"]
[ECO "B30"]
[WhiteElo "1727"]
[BlackElo "2066"]
[PlyCount "68"]
[EventDate "2013.??.??"]
[EventCountry "POL"]
[WhiteTeam "Finnland"]
[BlackTeam "Schweiz"]
[WhiteTeamCountry "FIN"]
[BlackTeamCountry "SUI"]
[TimeControl "40/5400+30:1800+30"]

1. e4 c5 2. Nf3 Nc6 3. c4 e5 4. d3 g6 5. g3 Bg7 6. Bg2 Nge7 7. O-O O-O 8.
Nc3 d6 9. Nd5 h6 10. a3 f5 11. Bd2 g5 12. h3 f4 13. g4 Ng6 14. b4 b6 15.
Rb1 Nd4 16. Nxd4 exd4 17. Bf3 Ne5 18. Qe2 h5 19. Kh2 Qd7 20.
Rg1 Kf7 21. Rg2 Rh8 22. Kg1 hxg4 23. hxg4 Rh3 24. Rg3 fxg3 25.
Bg2 Qxg4 26. Qxg4 Bxg4 27. Bxh3 Bxh3 28. fxg3 Nf3+ 29. Kf2 Nxd2 30. Rb2 Nxe4+ 31. dxe4 Re8 32. Kf3 g4+ 33. Kf4 Bh6+ 34. Kf5 Re5# 0-1

[Event "ETCC Women 2013"]
[Site "Warsaw"]
[Date "2013.11.11"]
[Round "4"]
[White "Ptacnikova, Lenka"]
[Black "Dolzhikova, Olga"]
[Result "1-0"]
[ECO "A15"]
[WhiteElo "2238"]
[BlackElo "2198"]
[PlyCount "83"]
[EventDate "2013.??.??"]
[EventCountry "POL"]
[WhiteTeam "Island"]
[BlackTeam "Norwegen"]
[WhiteTeamCountry "ISL"]
[BlackTeamCountry "NOR"]
[TimeControl "40/5400+30:1800+30"]

1. c4 Nf6 2. g3 e6 3. Nf3 b6 4. Bg2 Bb7 5. O-O Be7 6. b3 O-O 7. Bb2 d5 8.
cxd5 exd5 9. d4 Ne4 10. Nbd2 Nxd2 11. Qxd2 Nd7 12. Rac1 Re8 13.
Ne5 Nxe5 14. dxe5 c6 15. Rfd1 f6 16. e4 dxe4 17. Qc2 Qc7 18. Bxe4 c5 19. Bxb7 Qxb7 20. exf6 Bxf6 21. Bxf6 gxf6 22. Qf5 Qf7 23. Rd7 Qg6 24. Qd5+ Kh8 25. Rd1 Qg8 26. Qf5 Qg6 27. Qf3 Re4 28. Rc7 Rae8 29. Rdd7 Re1+ 30. Kg2 Qe4 31. Qxe4 R1xe4 32. Rxh7+ Kg8 33. Rcg7+ Kf8 34. Rxa7 Kg8 35. Rag7+ Kf8 36. Rf7+ Kg8 37. Rhg7+ Kh8 38. Rg6 b5 39. Rgxf6 c4 40. bxc4 bxc4 41. Rc7 Ra8 42. h4 1-0

[Event "ETCC Women 2013"]
[Site "Warsaw"]
[Date "2013.11.11"]
[Round "4"]
[White "Puuska, Heini"]
[Black "Heinatz, Dr. Gundula"]
[Result "0-1"]
[ECO "A20"]
[WhiteElo "1982"]
[BlackElo "2169"]
[PlyCount "122"]
[EventDate "2013.??.??"]
[EventCountry "POL"]
[WhiteTeam "Finnland"]
[BlackTeam "Schweiz"]
[WhiteTeamCountry "FIN"]
[BlackTeamCountry "SUI"]
[TimeControl "40/5400+30:1800+30"]

1. c4 e5 2. g3 Nf6 3. Bg2 d5 4. cxd5 Nxd5 5. Nf3 Nc6 6. O-O Nb6 7. d3 Be7 8. a3 O-O 9. b4 Re8 10. Bb2 Bf6 11. Nbd2 g6 12. Rc1 a6 13.
Nb3 Nd4 14. Nfxd4 exd4 15. e3 dxe3 16. Bxf6 Qxf6 17. fxe3 Qe7 18. e4 c6 19. Rc2 Na4 20. Rcf2 Rf8 21. Qd2 a5 22. Nxa5 Be6 23. Qc2 Nb6 24. d4 Rfd8 25. Qc5 Qxc5 26. dxc5 Rxa5 27. bxa5 Nc4 28. a6 bxa6 29. Rb1 a5 30. Bf1 Nd2 31. Re1 a4 32. Ba6 Rd4 33.
Bb7 Nxe4 34. Rf4 Bd5 35. Rb1 Rc4 36. Re1 h5 37. Ba6 Rd4 38. Bf1 f5 39. Bg2 Rc4 40. Bxe4 Bxe4 41. Kf2 Kg7 42. Rexe4 fxe4 43. h4 Rc2+ 44. Ke3 Rxc5 45. Rxe4 Rc3+ 46. Kf4 Rxa3 47. Rc4 Ra1 48. Rxc6 Rf1+ 49. Ke3 Rf6 50. Rc3 Ra6 51. Ra3 Kf6 52. Kf4 Ke6 53. g4 hxg4 54. Kxg4 Kd5 55. Kg5 Kc5 56. Rf3 a3 57. Rxa3 Rxa3 58. Kxg6 Kd6 59. h5 Ke7 60. h6 Kf8 61. Kh7 Ra6 0-1

[Event "ETCC Women 2013"]
[Site "Warsaw"]
[Date "2013.11.11"]
[Round "4"]
[White "Reppen, Ellisiv"]
[Black "Finnbogadottir, Tinna Kristin"]
[Result "0-1"]
[ECO "C60"]
[WhiteElo "2008"]
[BlackElo "1882"]
[PlyCount "160"]
[EventDate "2013.??.??"]
[EventCountry "POL"]
[WhiteTeam "Norwegen"]
[BlackTeam "Island"]
[WhiteTeamCountry "NOR"]
[BlackTeamCountry "ISL"]
[TimeControl "40/5400+30:1800+30"]

1. e4 e5 2. Nf3 Nc6 3. Bb5 Nge7 4. O-O g6 5. c3 Bg7 6. d4 exd4 7. cxd4 O-O 8.
Nc3 d5 9. exd5 Nxd5 10. Bg5 Qd6 11. Bc4 Nb6 12. Nb5 Qd7 13. Be2 a6 14. Nc3 Nxd4 15. Nxd4 Qxd4 16. Qc1 Be6 17. Rd1 Qb4 18. a3 Qa5 19. Bf3 c6 20. Be7 Rfe8 21. Bb4 Qf5 22. Ne4 Nc8 23. Ng3 Qe5 24. Bc3 Qc7 25. Bxg7 Kxg7 26. Qc3+ f6 27. Ne4 Qe5 28. Qxe5 fxe5 29. Nc5 Re7 30. Re1 Bd5 31. Bxd5 cxd5 32. Rad1 Nb6 33. Nd3 Rae8 34. Nb4 d4 35. f4 exf4 36. Rxe7+ Rxe7 37. Rxd4 g5 38. h4 h6 39. hxg5 hxg5 40. b3 Rd7 41. Rxd7+ Nxd7 42. Nd5 Kf7 43. Kf2 Ke6 44. Nc3 Ke5 45. g3 fxg3+ 46. Kxg3 Nc5 47. Kg4 Nxb3 48. Kxg5 Nc5 49. Kg4 Kd4 50. Ne2+ Kd3 51. Kf3 Nb3 52. Nf4+ Kc3 53. Ke4 Kb2 54. Kd5 Kxa3 55. Nd3 Ka4 56. Kc4 b5+ 57. Kc3 Ka3 58. Nb4 a5 59. Nc6 Ka4 60.
Kb2 Nc5 61. Nd4 Ne4 62. Nc2 Nd6 63. Nd4 Kb4 64. Nc6+ Ka4 65. Nd4 b4 66. Nb3 Nc4+ 67. Ka2 Kb5 68. Nd4+ Kc5 69. Ne6+ Kd5 70. Nc7+ Kd4 71. Kb3 Nd2+ 72. Ka4 Kc5 73. Ne6+ Kc4 74. Nf4 b3 75. Ka3 Kc3 76. Ne2+ Kd3 77. Nc1+ Kc2 78. Ne2 Nc4+ 79. Ka4 b2 80. Nd4+ Kd3 0-1

[Event "ETCC Women 2013"]
[Site "Warsaw"]
[Date "2013.11.11"]
[Round "4"]
[White "Seps, Monika"]
[Black "Savola, Laura"]
[Result "1-0"]
[ECO "C05"]
[WhiteElo "2260"]
[BlackElo "2076"]
[PlyCount "69"]
[EventDate "2013.??.??"]
[EventCountry "POL"]
[WhiteTeam "Schweiz"]
[BlackTeam "Finnland"]
[WhiteTeamCountry "SUI"]
[BlackTeamCountry "FIN"]
[TimeControl "40/5400+30:1800+30"]

1. e4 e6 2. d4 d5 3. Nd2 Nf6 4. e5 Nfd7 5. Bd3 c5 6. c3 Nc6 7. Ndf3 cxd4 8. cxd4 f6 9. exf6 Nxf6 10. Nh3 Bd6 11. O-O Qc7 12. Re1 O-O 13.
Nhg5 e5 14. dxe5 Nxe5 15. Bxh7+ Nxh7 16. Rxe5 Nxg5 17. Rxg5 Be6 18. Be3 Rad8 19. Rc1 Qe7 20. Nd4 Bd7 21. Qb3 Rf7 22. Qxb7 Be5 23. Qxa7 Re8 24. g3 Qf6 25. Qc5 Rc8 26. Qxc8+ Bxc8 27. Rxc8+ Kh7 28. Rc6 Qe7 29. Re6 Qb4 30. Rgxe5 Qxb2 31. Re8 g6 32. h4 Qxa2 33. h5 gxh5 34. Rxh5+ Kg6 35. Rh6+ 1-0

[Event "ETCC Women 2013"]
[Site "Warsaw"]
[Date "2013.11.11"]
[Round "4"]
[White "Stoeri, Laura"]
[Black "Rautanen, Sari"]
[Result "1-0"]
[ECO "C41"]
[WhiteElo "2102"]
[BlackElo "1956"]
[PlyCount "125"]
[EventDate "2013.??.??"]
[EventCountry "POL"]
[WhiteTeam "Schweiz"]
[BlackTeam "Finnland"]
[WhiteTeamCountry "SUI"]
[BlackTeamCountry "FIN"]
[TimeControl "40/5400+30:1800+30"]

1. e4 d6 2. d4 Nf6 3. Nc3 e5 4. Nf3 Nbd7 5. Bc4 Be7 6. O-O O-O 7. Re1 c6 8. a4 Qc7 9. Ba2 Re8 10. Bg5 h6 11. Bh4 Bf8 12. h3 g6 13.
Bg3 Bg7 14. d5 c5 15. Nb5 Qb8 16. a5 a6 17. Na3 b5 18. axb6 Nxb6 19. Nd2 Bd7 20. Bb3 a5 21. c3 a4 22. Bc2 Qc7 23. Nac4 Reb8 24. Nxb6 Qxb6 25. Ra2 Bf8 26. Qf3 Be7 27. Rea1 Nh5 28. Nc4 Qa6 29. Bd3 Qb7 30. Ne3 Kg7 31. Kh2 Bg5 32. h4 Bxe3 33. Qxe3 f5 34. exf5 gxf5 35. Qf3 Nxg3 36. Qxg3+ Kh7 37. Bc4 Rg8 38. Qd3 Rg4 39. b3 Rxh4+ 40.
Kg1 e4 41. Qg3 Rg4 42. Qxd6 Rag8 43. Bf1 Bb5 44. c4 Qg7 45. Qh2 Qg5 46. cxb5 Rh4 47. Qe5 Qh5 48. f3 Rh1+ 49. Kf2 Qh4+ 50. Ke3 Qg5+ 51. Qf4 Qf6 52. Qc7+ Rg7 53. Qxc5 f4+ 54. Kd2 e3+ 55. Ke2 Qh4 56. Qc2+ Kh8 57.
Qc8+ Kh7 58. Qc2+ Kh8 59. Kd3 Qf6 60. Rxa4 Qf5+ 61. Kc3 Qe5+ 62. Kb4 Qd4+ 63. Qc4 1-0

[Event "ETCC Women 2013"]
[Site "Warsaw"]
[Date "2013.11.11"]
[Round "4"]
[White "Zimina, Olga"]
[Black "Ciuksyte, Dagne"]
[Result "1-0"]
[ECO "A06"]
[WhiteElo "2338"]
[BlackElo "2355"]
[PlyCount "73"]
[EventDate "2013.??.??"]
[EventCountry "POL"]
[WhiteTeam "Italien"]
[BlackTeam "England"]
[WhiteTeamCountry "ITA"]
[BlackTeamCountry "ENG"]
[TimeControl "40/5400+30:1800+30"]

1. Nf3 d5 2. c4 c6 3. g3 Nf6 4. Bg2 Bg4 5. Ne5 Bf5 6. cxd5 cxd5 7. Nc3 e6 8. g4 Bg6 9. h4 h5 10. Nxg6 fxg6 11. g5 Ng8 12. Qb3 Nc6 13. Qxb7 Nge7 14. d3 Rb8 15. Qa6 Rb6 16. Qa4 Rb4 17. Qd1 Nf5 18. e4 dxe4 19. dxe4 Nfd4 20. O-O Bc5 21. a3 Rb3 22. e5 Nxe5 23. Bf4 Ng4 24. Ne4 O-O 25.
Nxc5 Rxf4 26. Nxe6 Qb8 27. Rc1 Nxe6 28. Qd7 Nf8 29. Rc8 Qb5 30. Qd6 Rf5 31. Rxf8+ Rxf8 32. Bd5+ Kh7 33. Bxb3 Qxb3 34. Qxf8 Qh3 35. Qf4 Qxh4 36. Rc1 Qh3 37. Rc3 1-0

[Event "ETCC Women 2013"]
[Site "Warsaw"]
[Date "2013.11.11"]
[Round "4"]
[White "Alexandrova, Olga"]
[Black "Worek, Joanna"]
[Result "1/2-1/2"]
[ECO "D30"]
[WhiteElo "2427"]
[BlackElo "2336"]
[PlyCount "180"]
[EventDate "2013.??.??"]
[EventCountry "POL"]
[WhiteTeam "Spanien"]
[BlackTeam "Polen"]
[WhiteTeamCountry "ESP"]
[BlackTeamCountry "POL"]
[TimeControl "40/5400+30:1800+30"]

1. d4 d5 2. c4 e6 3. Nf3 Nf6 4. e3 Be7 5. b3 O-O 6. Bd3 b6 7. O-O Bb7 8. Bb2 c5 9. Nbd2 Nc6 10. Rc1 cxd4 11. exd4 Rc8 12. Qe2 Re8 13. Rfd1 Bf8 14. h3 g6 15. Qe3 Ne7 16. c5 Nf5 17. Bxf5 exf5 18. Ne5 Nh5 19. Qf3 bxc5 20. dxc5 Rxc5 21. Rxc5 Bxc5 22. Qc3 Qb6 23. Nd3 Bxf2+ 24. Nxf2 f6 25. Qd4 Qc7 26. Nf3 g5 27. Re1 Rxe1+ 28. Nxe1 a5 29. Nfd3 Qe7 30. Kf2 Qd6 31. Qe3 Bc6 32. Qc5 Qe6 33. Qe3 Qd6 34. Bd4 f4 35.
Qc1 Ng3 36. Nf3 Bd7 37. Qe1 h5 38. Kg1 Bb5 39. Nc1 g4 40. hxg4 hxg4 41. Qxa5 Qc6 42. Qc3 Qxc3 43. Bxc3 gxf3 44. gxf3 Kf7 45. Kf2 Ke6 46. a4 Ba6 47. Na2 Nf5 48. Nb4 Bb7 49. Nd3 d4 50. Bd2 Ba8 51. Nxf4+ Kd6 52. Bb4+ Kd7 53. Bc5 Nh4 54. Bxd4 Nxf3 55. Bc3 Ng5 56. Ke3 Ne4 57. Bb4 Kc7 58. Kd4 Kb6 59. Nd5+ Bxd5 60. Kxd5 f5 61. Ke5 Nf2 62. Kxf5 Nd3 63. Ba3 Ne1 64. Ke4 Nc2 65. Bb2 Nb4 66. Bc3 Na6 67. Kd5 Nc7+ 68. Kc4 Na6 69. Bd2 Kc6 70. Be3 Kb7 71. Kb5 Nc7+ 72. Kc5 Na6+ 73. Kd6 Nb4 74. Bd2 Nc6 75. Kc5 Ne5 76. Bc3 Nc6 77. a5 Na7 78. b4 Ka6 79. Bb2 Nb5 80. Be5 Na3 81. Bd4 Nb5 82.
Bb2 Na7 83. Kc4 Nb5 84. Kb3 Nc7 85. Ka4 Nb5 86. Be5 Na7 87. Bd4 Nb5 88. Bc5 Nc3+ 89. Kb3 Nb5 90. Bb6 Nd6 1/2-1/2

[Event "ETCC Women 2013"]
[Site "Warsaw"]
[Date "2013.11.11"]
[Round "4"]
[White "Beinenson, Katsiaryna"]
[Black "Haast, Anne"]
[Result "0-1"]
[ECO "B40"]
[WhiteElo "1964"]
[BlackElo "2262"]
[PlyCount "80"]
[EventDate "2013.??.??"]
[EventCountry "POL"]
[WhiteTeam "Weißrussland"]
[BlackTeam "Niederlande"]
[WhiteTeamCountry "BLR"]
[BlackTeamCountry "NED"]
[TimeControl "40/5400+30:1800+30"]

1. e4 c5 2. Nf3 e6 3. c3 d5 4. exd5 exd5 5. d4 Nc6 6. Bb5 Bd6 7. dxc5 Bxc5 8. O-O Nge7 9. Nbd2 O-O 10. Nb3 Bb6 11. Bd3 Nf5 12. Bc2 Qd6 13. Qd3 g6 14. Rd1 Be6 15. a4 a6 16. a5 Ba7 17. Ra4 f6 18. Bf4 Qd7 19. Raa1 Rac8 20. h3 Rfe8 21. g4 Nd6 22. Nbd4 Ne4 23. Qf1 Bxg4 24. hxg4 Qxg4+ 25. Bg3 Nxg3 26. fxg3 Nxd4 27. Nxd4 Qxg3+ 28.
Kh1 Qh4+ 29. Kg2 Re3 30. Rd3 Bxd4 31. Rxe3 Bxe3 32. Qf3 Qg5+ 33.
Qg3 Qxg3+ 34. Kxg3 d4 35. c4 Kg7 36. Be4 Rc7 37. Ra3 f5 38.
Bd5 Bd2 39. Rd3 Bxa5 40. Rxd4 h5 0-1

[Event "ETCC Women 2013"]
[Site "Warsaw"]
[Date "2013.11.11"]
[Round "4"]
[White "Bulmaga, Irina"]
[Black "Sebag, Marie"]
[Result "1-0"]
[ECO "B90"]
[WhiteElo "2399"]
[BlackElo "2510"]
[PlyCount "55"]
[EventDate "2013.??.??"]
[EventCountry "POL"]
[WhiteTeam "Rumänien"]
[BlackTeam "Frankreich"]
[WhiteTeamCountry "ROU"]
[BlackTeamCountry "FRA"]
[TimeControl "40/5400+30:1800+30"]

1. e4 c5 2. Nf3 d6 3. d4 cxd4 4. Nxd4 Nf6 5.
Nc3 a6 6. Be3 e5 7. Nb3 Be6 8. f3 Be7 9. Qd2 O-O 10. O-O-O a5 11. Qe1 Qc8 12.
a3 a4 13. Nd2 d5 14. exd5 Nxd5 15. Nxd5 Bxd5 16. Ne4 Rd8 17.
Nc3 Be6 18. Rxd8+ Bxd8 19. Qg3 Nc6 20. Bh6 g6 21. Bb5 f6 22.
Rd1 Nd4 23. Rxd4 exd4 24. Qd6 Ba5 25. Nd5 d3 26. Ne7+ Kf7 27.
Nxc8 Rxc8 28. Bd7 1-0

[Event "ETCC Women 2013"]
[Site "Warsaw"]
[Date "2013.11.11"]
[Round "4"]
[White "Cemhan, Kardelen"]
[Black "Barbier, Wiebke"]
[Result "1-0"]
[ECO "B00"]
[WhiteElo "1993"]
[BlackElo "1945"]
[PlyCount "89"]
[EventDate "2013.??.??"]
[EventCountry "POL"]
[WhiteTeam "Türkei"]
[BlackTeam "Belgien"]
[WhiteTeamCountry "TUR"]
[BlackTeamCountry "BEL"]
[TimeControl "40/5400+30:1800+30"]

1. e4 d6 2. d4 Nf6 3. f3 e5 4. Be3 Be7 5. c4 exd4 6. Qxd4 Nc6 7. Qd2 O-O 8.
Nc3 Re8 9. Nge2 a5 10. Nf4 Ne5 11. Be2 Be6 12. b3 c6 13. O-O Qc7 14. Rfd1 Rad8 15. Rac1 Bf8 16. Ncd5 Nxd5 17. cxd5 Bd7 18. dxc6 bxc6 19. Nd5 Qb7 20. Nb6 d5 21. Qxa5 dxe4 22. fxe4 c5 23. Nd5 Nc6 24. Qc3 Qa7 25. Bxc5 Qxa2 26. Bxf8 Rxf8 27. Bb5 Qa7+ 28. Kh1 Nb8 29. Bc4 Be6 30. Qg3 Kh8 31. Ne3 Bxc4 32. bxc4 Nc6 33. Nf5 f6 34. Rd6 Ne5 35. c5 Rc8 36. Rd5 Rc7 37. h3 g6 38. Nd6 Kg7 39. Nb5 Qb7 40.
Nxc7 Qxc7 41. c6 Rc8 42. Rb5 Qd6 43. Rb7+ Rc7 44. Qc3 Qe7 45. Qa5 1-0

[Event "ETCC Women 2013"]
[Site "Warsaw"]
[Date "2013.11.11"]
[Round "4"]
[White "Cmilyte, Viktorija"]
[Black "Paehtz, Elisabeth"]
[Result "1/2-1/2"]
[ECO "A11"]
[WhiteElo "2506"]
[BlackElo "2449"]
[PlyCount "80"]
[EventDate "2013.??.??"]
[EventCountry "POL"]
[WhiteTeam "Litauen"]
[BlackTeam "Deutschland"]
[WhiteTeamCountry "LTU"]
[BlackTeamCountry "GER"]
[TimeControl "40/5400+30:1800+30"]

1. c4 c6 2. Nf3 d5 3. e3 Nf6 4. b3 Bg4 5. Bb2 e6 6. Be2 Nbd7 7. h3 Bh5 8. d3 h6 9. Nbd2 Bd6 10. O-O O-O 11. cxd5 cxd5 12. Nd4 Bxe2 13. Qxe2 Qa5 14. a3 Qa6 15. b4 Nb6 16. b5 Qa5 17. a4 Nbd7 18. f4 Bb4 19. N2b3 Qd8 20.
a5 a6 21. b6 Rc8 22. Rfc1 Qe7 23. Nf3 Nb8 24. Ne5 Bd6 25. Rc2 Rxc2 26. Qxc2 Nfd7 27. d4 Re8 28. Rc1 f6 29. Nd3 Nc6 30. Qd2 Rc8 31. Ndc5 Nxc5 32. dxc5 Bb8 33. Rd1 Rd8 34. Qd3 e5 35. g3 Qe6 36. Kg2 Nb4 37. Qc3 Nc6 38. Qd3 Nb4 39. Qc3 Nc6 40. Qd3 Nb4 1/2-1/2